 Dungeon Crawl Stone Soup version 0.20.0-15-g7f486f2 (webtiles) character file.

6487 pib the Spear-Bearer (level 10, 0/89 (91) HPs)
             Began as a Minotaur Fighter on June 10, 2017.
             Was an Elder of Okawaru.
             Incinerated by a smoke demon (1 damage)
             ... with a sticky flame
             ... on level 2 of the Abyss.
             The game lasted 00:20:39 (7438 turns).

pib the Spear-Bearer (Minotaur Fighter)             Turns: 7438, Time: 00:20:40

HP:   0/89 (91)     AC: 15    Str: 20    XL:     10   Next: 68%
MP:   12/12         EV:  5    Int:  5    God:    Okawaru [****..]
Gold: 161           SH:  0    Dex: 18    Spells: 9/9 levels left

rFire    + . .     SeeInvis .   a - +0 trident
rCold    + . .     Gourm    .   c - +0 shield
rNeg     . . .     Faith    .   Q - +0 plate armour
rPois    .         Spirit   .   (helmet restricted)
rElec    .         Reflect  .   g - scarf {rC+ rF+}
rCorr    +         Harm     .   I - +0 pair of gloves
MR       .....                  (no boots)
Stlth    ..........             i - amulet of regeneration
Regen    0.7/turn               u - ring of resist corrosion
MPRegen  0.2/turn               J - +4 ring of dexterity

@: confused, liquid flames, glowing
A: retaliatory headbutt, horns 2
a: Heroism, Renounce Religion


You were on level 2 of the Abyss.
You worshipped Okawaru.
Okawaru was greatly pleased with you.
You were hungry.

You visited 2 branches of the dungeon, and saw 10 of its levels.
You visited the Abyss 1 time.

You collected 431 gold pieces.
You spent 270 gold pieces at shops.

Inventory:

Hand Weapons
 a - a +0 trident (weapon)
 D - a +1 hunting sling of flaming
Missiles
 d - 30 sling bullets
 n - 3 throwing nets (quivered)
Armour
 b - a +0 scale mail
 c - a +0 shield (worn)
 g - a scarf of resistance (worn)
 x - a +0 chain mail
 I - a +0 pair of gloves (worn)
 Q - a +0 plate armour (worn)
Jewellery
 i - an amulet of regeneration (around neck)
 u - a ring of resist corrosion (left hand)
 F - an uncursed ring of magical power
 J - a +4 ring of dexterity (right hand)
 K - an uncursed ring of flight
Wands
 q - a wand of random effects (28/48)
 O - a wand of iceblast (4/15)
Scrolls
 e - 3 scrolls of identify
 h - 2 scrolls of enchant weapon {unknown}
 j - 7 scrolls of teleportation
 k - 2 scrolls of magic mapping {unknown}
 m - 4 scrolls of remove curse {unknown}
 r - a scroll of amnesia {unknown}
 s - a scroll of noise {unknown}
 v - 2 scrolls of enchant armour {unknown}
 y - 2 scrolls of fear {unknown}
 A - a scroll of fog {unknown}
 C - 3 scrolls of blinking {unknown}
 E - 4 scrolls of recharging {unknown}
 N - a scroll of brand weapon {unknown}
Potions
 o - 3 potions of cancellation {unknown}
 p - 2 potions of curing
 t - a potion of mutation {unknown}
 w - 2 potions of flight {unknown}
 z - 2 potions of berserk rage {unknown}
 H - a potion of lignification {unknown}
 L - a potion of brilliance {unknown}
 R - 2 potions of heal wounds {unknown}
 S - a potion of haste
Books
 M - a book of Clouds

   Spells                             Type                      Level
   a - Poisonous Vapours              Poison/Air                   2
   b - Mephitic Cloud                 Conjuration/Poison/Air       3
   c - Conjure Flame                  Conjuration/Fire             3
   d - Freezing Cloud                 Conjuration/Ice/Air          6
   e - Ring of Flames                 Charms/Fire                  7
Comestibles
 f - 5 bread rations
 l - 5 royal jellies
 B - 14 fruits
 G - 2 meat rations


   Skills:
 - Level 9.0 Fighting
 - Level 12.2 Polearms
 - Level 9.6 Armour
 - Level 8.1 Shields
 + Level 4.6 Invocations


You had 9 spell levels left.
You didn't know any spells.

Dungeon Overview and Level Annotations

Branches:
Dungeon (9/15)             Temple (1/1) D:7
   Lair: D:8-11         Orc: D:9-12

Altars:
Ashenzari
Cheibriados
Dithmenos
Elyvilon
Fedhas
Gozag
Hepliaklqana
Kikubaaqudgha
Makhleb
Nemelex Xobeh
Okawaru
Qazlal
Ru
Sif Muna
Trog
Uskayaw
Vehumet
Xom
Yredelemnul
Zin
The Shining One

Shops:
D:9 *

Annotations:
D:9 Psyche


Innate Abilities, Weirdness & Mutations

You reflexively headbutt those who attack you in melee.
You have a pair of horns on your head.


Message History

The golden eye blinks at you.
You are more confused.
The golden eye blinks!
You bump into the stone wall.
You are covered in liquid flames!
* * * LOW HITPOINT WARNING * * *
The golden eye blinks!
The golden eye blinks at you.
You are more confused.
You are covered in liquid flames!
* * * LOW HITPOINT WARNING * * *
The smoke demon gestures at you. Something smites you!
* * * LOW HITPOINT WARNING * * *
The golden eye blinks at you.
You are more confused.
The golden eye blinks at you.
Unknown command.
You are covered in liquid flames!
You die...

#. .# . #. .# ###
### .##..#.# #
##.. #......#.#..
. #@..# .... #
##.####.##.
#.3G.#..# #
...##GG..## ##
.##.#.## #...
.X#..# .
##vv.....G#######
#. . X###.ยง.G
.... ..#.#.#.G.#.
# #. #


You could see a tentacled starspawn, a smoke demon and 3 golden eyes.

Vanquished Creatures
  Erica (D:9)
  A shadow wraith (Abyss:2)
  An unseen horror (D:9)
  Joseph (D:7)
  The ghost of stickyfingers the Cudgeler, a novice HuSk of Fedhas (D:4)
  Prince Ribbit (D:7)
  A tarantella (shapeshifter) (D:8)
  A vampire (D:8)
  A neqoxec (Abyss:2)
  Grum (D:8)
  A hungry ghost (D:8)
  2 sky beasts
  2 black bears
  2 ogres
  A hornet zombie (D:7)
  2 necrophages
  3 wolves (D:8)
  A centaur (D:7)
  A crocodile (D:8)
  2 big kobolds (D:8)
  Blork the orc (D:6)
  4 bullfrogs
  A wyvern skeleton (D:8)
  3 scorpions (D:9)
  2 howler monkeys
  4 electric eels (D:8)
  3 crimson imps
  A bullfrog zombie (D:6)
  A centaur zombie (D:7)
  6 hounds
  An orc priest (D:5)
  3 bullfrog skeletons
  2 centaur skeletons
  A jelly (D:8)
  Crazy Yiuf (D:7)
  3 orc wizards
  2 gnoll shamans
  An iguana (D:9)
  A worker ant (D:7)
  A hound zombie (D:5)
  A hound skeleton (D:8)
  Robin (D:4)
  A howler monkey zombie (D:9)
  17 gnolls
  9 adders
  An ufetubus (Abyss:2)
  An ooze (D:2)
  2 adder zombies
  2 adder skeletons (D:5)
  4 worms
  3 dart slugs
  3 leopard geckos
  11 orcs
  3 giant cockroaches
  13 goblins
  9 hobgoblins
  12 jackals
  3 quokkas
  2 ball pythons
  4 bats
  6 frilled lizards
  A jackal skeleton (D:3)
  12 kobolds
  10 rats
200 creatures vanquished.

Vanquished Creatures (others)
  A plant (D:8)
  5 starspawn tentacles (Abyss:2)
6 creatures vanquished.

Grand Total: 206 creatures vanquished

Notes
Turn   | Place    | Note
-------+----------+-------------------------------------------
     0 | D:1      | pib the Minotaur Fighter began the quest for the Orb.
     0 | D:1      | Reached XP level 1. HP: 19/19 MP: 0/0
   354 | D:1      | Reached skill level 3 in Polearms
   358 | D:1      | Reached XP level 2. HP: 26/27 MP: 1/1
   903 | D:2      | Reached XP level 3. HP: 21/33 MP: 2/2
  1281 | D:2      | Reached skill level 4 in Polearms
  1495 | D:3      | Found a shadowy altar of Dithmenos.
  1567 | D:3      | Reached XP level 4. HP: 41/41 MP: 3/3
  1835 | D:3      | Reached skill level 5 in Fighting
  1900 | D:3      | Noticed Robin
  2122 | D:4      | Reached skill level 5 in Polearms
  2122 | D:4      | Reached XP level 5. HP: 44/48 MP: 4/4
  2134 | D:4      | Killed Robin
  2744 | D:4      | Noticed stickyfingers's ghost (novice HuSk)
  2744 | D:4      | Reached XP level 6. HP: 57/57 MP: 5/5
  2758 | D:4      | Killed stickyfingers's ghost
  2758 | D:4      | Reached skill level 6 in Polearms
  2758 | D:4      | Reached XP level 7. HP: 45/66 MP: 6/6
  2990 | D:4      | Reached skill level 7 in Polearms
  3529 | D:5      | Entered Level 5 of the Dungeon
  3802 | D:5      | Reached skill level 8 in Polearms
  3882 | D:5      | Reached XP level 8. HP: 67/73 MP: 7/7
  4201 | D:6      | Noticed Blork the orc
  4207 | D:6      | Killed Blork the orc
  4454 | D:6      | Reached skill level 9 in Polearms
  4900 | D:7      | Reached skill level 5 in Armour
  4900 | D:7      | Reached skill level 5 in Shields
  4915 | D:7      | Found a staircase to the Ecumenical Temple.
  4919 | D:7      | Noticed Joseph
  4938 | D:7      | Killed Joseph
  4938 | D:7      | Reached XP level 9. HP: 27/81 MP: 8/8
  4961 | Temple   | Entered the Ecumenical Temple
  5133 | Temple   | Became a worshipper of Warmaster Okawaru
  5192 | D:7      | Noticed Prince Ribbit
  5210 | D:7      | Killed Prince Ribbit
  5210 | D:7      | Reached skill level 10 in Polearms
  5500 | D:7      | Reached * piety under Okawaru
  5788 | D:7      | Found a runed door.
  5792 | D:7      | Noticed Crazy Yiuf
  5796 | D:7      | Killed Crazy Yiuf
  5967 | D:8      | Reached ** piety under Okawaru
  5967 | D:8      | Reached skill level 11 in Polearms
  6000 | D:8      | Noticed Grum
  6017 | D:8      | Killed Grum
  6134 | D:8      | Reached XP level 10. HP: 87/89 MP: 9/9
  6506 | D:9      | Noticed Erica
  7000 | D:9      | Killed Erica
  7000 | D:9      | Reached *** piety under Okawaru
  7000 | D:9      | Reached skill level 12 in Polearms
  7158 | D:9      | Killed an unseen horror
  7158 | D:9      | Reached skill level 1 in Invocations
  7179 | D:9      | Found Zousyffi's Assorted Antiques.
  7182 | D:9      | Bought a potion of haste for 270 gold pieces
  7291 | D:9      | Noticed Psyche
  7310 | D:9      | Cast into level 2 of the Abyss (Psyche)
  7390 | Abyss:2  | Killed a shadow wraith
  7390 | Abyss:2  | Reached **** piety under Okawaru
  7407 | Abyss:2  | Noticed a smoke demon
  7410 | Abyss:2  | Noticed a tentacled starspawn
  7437 | Abyss:2  | HP: 1/89 [smoke demon/divine providence (10)]
  7438 | Abyss:2  | Incinerated by a smoke demon

Skill      XL: |  1  2  3  4  5  6  7  8  9 10 |
---------------+-------------------------------+-----
Polearms       | 3 4 5 6 8 9 11 12 | 12.2
Fighting       | 4 5 6 7 8 9 |  9.0
Armour         | 5 8 9 |  9.6
Shields        | 5 8 |  8.1
Invocations    | 4 |  4.6

Action                   |  1- 3 |  4- 6 |  7- 9 | 10-12 || total
-------------------------+-------+-------+-------+-------++-------
Melee: Trident           |    97 |   138 |   361 |   158 ||   754
       Headbutt          |    12 |    21 |    70 |    37 ||   140
 Fire: Hunting sling     |       |       |       |    13 ||    13
Invok: Heroism           |       |       |       |     3 ||     3
  Use: Scroll            |       |     3 |     5 |       ||     8
       Potion            |       |     1 |     1 |       ||     2
 Stab: Distracted        |       |       |       |     1 ||     1
  Eat: Chunk             |     2 |     4 |    13 |     4 ||    23
Armor: Scale mail        |    24 |    44 |     3 |       ||    71
       Chain mail        |       |       |    78 |       ||    78
       Plate armour      |       |       |     4 |    62 ||    66
Dodge: Dodged            |    13 |    35 |    46 |    20 ||   114
Block: Shield            |    28 |    61 |   129 |    59 ||   277
